Map: Congelamento ER

Players

TheZergLord - Winner!

  • Race: Zerg Zerg
  • League: Grandmaster

Jinou

  • Race: Protoss Protoss
  • League: Master

VOD

Have the link to the VOD?

Description

Time

  • Played on: May 27, 2016, 1:43 p.m.
  • Length: 7:44
Show
View Real Time Build Order
Export as new Build Order

TheZergLord Zerg - Winner!

Build Orders: Hatch First 

Get SALT Encoding   

  12  0:01  Drone  
  13  0:13  Overlord  
  13  0:20  Drone  
  14  0:33  Drone x2  
  14  0:35  Drone  
  17  0:53  Hatchery  
  17  0:57  Drone  
  17  1:00  Drone  
  18  1:13  Extractor  
  18  1:16  Spawning Pool  
  16  1:18  Drone  
  16  1:22  Drone  
  18  1:29  Drone  
  19  1:40  Overlord  
  19  1:54  Drone  
  20  2:03  Queen  
  20  2:04  Zergling x2  
  20  2:06  Queen, Drone  
  26  2:12  Metabolic Boost  
  26  2:17  Drone  
  26  2:20  Drone  
  29  2:22  Drone  
  29  2:29  Drone  
  30  2:35  Drone  
  31  2:47  Drone x2, Hatchery  
  32  2:53  Drone  
  32  2:57  Overlord  
  33  3:06  Drone x2  
  34  3:14  Drone x2  
  36  3:20  Queen  
  36  3:21  Queen  
  36  3:23  Overlord  
  36  3:25  Zergling x4  
  36  3:26  Zergling x2  
  43  3:27  Zergling x2  
  44  3:43  Zergling x6  
  44  3:45  Overlord x2  
  47  3:52  Spore Crawler  
  46  4:00  Spore Crawler  
  46  4:02  Overlord  
  45  4:05  Drone x4  
  45  4:06  Drone x2  
  50  4:21  Drone x7  
  50  4:22  Drone x2  
  59  4:27  Lair  
  59  4:30  Drone  
  60  4:32  Roach Warren  
  60  4:34  Drone x2  
  61  4:39  Overlord  
  57  4:51  Drone x3  
  59  5:03  Drone x2  
  59  5:05  Drone x8, Evolution Chamber  
  68  5:10  Extractor  
  68  5:11  Extractor  
  66  5:18  Overlord  
  66  5:19  Drone  
  66  5:20  Drone x5  
  72  5:27  Hydralisk Den  
  71  5:36  Zerg Missile Weapons Level 1  
  71  5:40  Drone x4  
  71  5:41  Drone x7  
  81  5:45  Spore Crawler  
  81  5:46  Extractor  
  79  5:50  Drone x2, Extractor  
  79  5:51  Drone, Extractor  
  79  5:55  Glial Reconstitution  
  79  5:57  Overlord x3  
  80  6:05  Hatchery  
  79  6:20  Muscular Augments  
  79  6:24  Hydralisk x2  
  83  6:27  Overlord x4  
  83  6:38  Overlord  
  83  6:39  Hydralisk x5, Overlord  
  87  6:42  Hydralisk  
  95  6:49  Roach x4  
  95  6:50  Roach  
  104  7:01  Hydralisk x2  
  104  7:02  Hydralisk x2  
  112  7:17  Roach x4  
  112  7:18  Roach x6  
Show
View Real Time Build Order
Export as new Build Order

Jinou Protoss 

Build Orders: Nexus First, Oracle Opening 

Get SALT Encoding   

  12  0:01  Probe (Chrono Boost)  
  13  0:11  Probe (Chrono Boost)  
  14  0:17  Pylon  
  14  0:23  Probe (Chrono Boost)  
  15  0:35  Probe (Chrono Boost)  
  16  0:46  Probe (Chrono Boost)  
  17  0:57  Nexus  
  17  1:08  Gateway  
  17  1:13  Assimilator  
  17  1:18  Probe (Chrono Boost)  
  18  1:28  Probe (Chrono Boost)  
  19  1:36  Assimilator  
  19  1:39  Probe (Chrono Boost)  
  20  1:49  Probe (Chrono Boost)  
  21  1:55  Cybernetics Core  
  21  2:00  Probe (Chrono Boost)  
  22  2:07  Pylon  
  22  2:11  Probe (Chrono Boost)  
  22  2:12  Probe (Chrono Boost)  
  24  2:21  Probe (Chrono Boost)  
  24  2:22  Probe (Chrono Boost)  
  26  2:32  Probe (Chrono Boost)  
  26  2:33  Mothership Core (Chrono Boost)  
  29  2:37  Stargate  
  29  2:42  Pylon, Probe (Chrono Boost)  
  30  2:47  Stalker  
  33  2:51  Probe (Chrono Boost)  
  33  2:55  Warp Gate  
  33  2:57  Probe (Chrono Boost)  
  34  3:02  Probe (Chrono Boost), Assimilator  
  35  3:05  Assimilator  
  35  3:07  Probe (Chrono Boost)  
  35  3:12  Probe (Chrono Boost)  
  37  3:18  Probe (Chrono Boost)  
  38  3:21  Probe  
  38  3:22  Oracle (Chrono Boost)  
  42  3:29  Probe  
  42  3:32  Probe  
  44  3:38  Forge  
  44  3:41  Gateway, Probe  
  44  3:42  Probe  
  46  3:53  Probe, Oracle (Chrono Boost)  
  52  3:55  Sentry  
  52  3:57  Probe  
  53  4:12  Photon Cannon, Probe  
  54  4:21  Pylon  
  54  4:22  Protoss Ground Weapons Level 1 (Chrono Boost)  
  54  4:27  Probe  
  54  4:36  Phoenix  
  54  4:39  Probe x2  
  58  4:51  Probe  
  58  4:52  Probe  
  57  5:03  Probe  
  57  5:04  Robotics Facility  
  57  5:05  Probe  
  59  5:09  Twilight Council  
  59  5:11  Pylon, Stalker  
  61  5:15  Probe  
  61  5:17  Pylon  
  62  5:25  Gateway  
  62  5:26  Gateway  
  62  5:29  Probe x2  
  62  5:30  Gateway x2, Sentry  
  62  5:35  Sentry  
  68  5:41  Probe x2  
  70  5:43  Resonating Glaives (Chrono Boost)  
  70  5:46  Pylon  
  70  5:53  Observer (Chrono Boost), Probe x2  
  70  5:54  Nexus  
  73  5:57  Pylon  
  73  5:59  Pylon  
  73  6:06  Adept x2  
  73  6:11  Immortal (Chrono Boost)  
  81  6:22  Photon Cannon  
  81  6:26  Gateway  
  81  6:29  Gateway  
  81  6:37  Sentry x2  
  81  6:38  Sentry x3  
  91  6:40  Adept  
  91  6:45  Immortal  
  97  6:56  Pylon  
  97  7:03  Adept  
  97  7:06  Stalker x2  
  103  7:08  Stalker  
  105  7:18  Pylon, Probe x2  
  95  7:37  Stalker x2  
  95  7:38  Stalker x2  
Tags
 
Add a new tag
Caveats
  • Supply blocks, unpowered buildings, or Contaminate may cause inaccurate times.
  • Supply counts are checked every 10 seconds.